 Dungeon Crawl Stone Soup version 0.27-a0-1184-ge86db4a01e (webtiles) character file.

Game seed: 15643185390465460631

127 freelancePsychic the Distorting Demonspawn (level 4, -2/37 HPs)
             Began as a Demonspawn Abyssal Knight on May 18, 2021.
             Was a Believer of Lugonu.
             Killed from afar by an orc wizard (4 damage)
             ... with a puff of flame
             ... on level 4 of the Dungeon.
             The game lasted 00:04:37 (2631 turns).

freelancePsychic the Distorting Demonspawn (DsAK)   Turns: 2631, Time: 00:04:37

Health: -2/37      AC:  8    Str: 13    XL:     4   Next: 85%
Magic:  6/7        EV:  7    Int: 13    God:    Lugonu [**....]
Gold:   134        SH:  0    Dex: 13    Spells: 3/3 levels left

rFire    . . .     SeeInvis .   a - +1 short sword
rCold    . . .     Faith    .   (no shield)
rNeg     . . .     Spirit   .   n - +0 chain mail
rPois    .         Reflect  .   (no helmet)
rElec    .         Harm     .   (no cloak)
rCorr    .         Rampage  .   (no gloves)
Will     .....                  (no boots)
Stlth    ..........             (no amulet)
HPRegen  0.12/turn              (no ring)
MPRegen  0.10/turn              (no ring)

@: lit by a corona, about to teleport, glowing
A: foul stench 1, sturdy frame 1, condensation shield
a: Renounce Religion, Depart the Abyss, Bend Space


You were on level 4 of the Dungeon.
You worshipped Lugonu.
Lugonu was pleased with you.
You visited 1 branch of the dungeon, and saw 4 of its levels.
You visited the Abyss 1 time.

You collected 134 gold pieces.

Inventory:

Hand Weapons
 a - a +1 short sword (weapon)
Armour
 b - a +0 leather armour
 e - a +0 scale mail
 n - a +0 chain mail (worn)
Jewellery
 o - an amulet of magic regeneration
Scrolls
 c - a scroll of torment {unknown}
 d - a scroll of enchant weapon {unknown}
 j - a scroll of fog
 k - a scroll of acquirement {unknown}
 l - a scroll of enchant armour {unknown}
Potions
 f - a potion of mutation
 i - 2 potions of cancellation {unknown}
 m - a potion of attraction {unknown}


   Skills:
 + Level 4.0 Fighting
 + Level 3.0 Short Blades
 - Level 1.7 Armour
 - Level 0.8 Dodging
 + Level 4.3 Invocations


You had 3 spell levels left.
You didn't know any spells.
Your spell library was empty.

Dungeon Overview and Level Annotations

Branches:
Dungeon (4/15)
 Temple: D:4-7

Altars:

Shops:
D:1 ?   D:3 ?

Annotations:
D:4 2 transporters, Pestilence's ghost, novice DsFi


Innate Abilities, Weirdness & Mutations

You may rarely emit foul miasma when damaged in melee.
Your movements are slightly less encumbered by armour. (ER -2)
A meltable shield of frost defends you. (SH +0)


Message History

The gnoll shouts!
A gnoll comes into view. It is wielding a +0 club.
The gnoll shouts!
You hear a shout! x2
The gnoll hits you with a +0 club.
A gnoll shaman comes into view. It is wielding a +0 club.
Found 9 gold pieces and a long jewelled staff.
Found a brightly glowing ring mail.
Pestilence's ghost turns its malevolent gaze towards you.
You hear a shout! x2
Found 18 gold pieces.
Found a transporter.
The ogre shouts!
You hear a shout!
Found a transporter.
You see here a staff of earth.
The ogre shouts!
Okay, then.
You barely miss the gnoll shaman.
The gnoll shaman hits you with a +0 club.
You hit the gnoll shaman.
The gnoll shaman is lightly wounded.
The gnoll shaman hits you with a +0 club!
Space bends around you!
You blink.
The gnoll hits you from afar with a +0 spear!
The gnoll barely misses you. The gnoll hits you with a +0 club.
* * * LOW HITPOINT WARNING * * *
Pestilence's ghost says, "Death is your only future!"
The gnoll hits you with a +0 whip.
* * * LOW HITPOINT WARNING * * *
The gnoll hits you from afar with a +0 spear.
* * * LOW HITPOINT WARNING * * *
You see here a staff of earth.
An orc wizard comes into view. It is wielding a +0 dagger.
The gnoll shaman mumbles some strange prayers to its god against you.
You are outlined in light.
As you read the scroll of teleportation {@r4}, it crumbles to dust.
You feel strangely unstable.
The orc wizard shouts!
You hear a shout!
The orc wizard casts a spell at you. The puff of flame hits you.
Your condensation shield dissipates!
You die...

..o...... .....
...............♣
...............≈
........#......
........#....##
..............#
..............#
......$@......#
########......#
#......#
##......#
#.g.....#
##g#######
######gg.######
#.....©.©g....#
###############


You could see a gnoll shaman and an orc wizard.

Vanquished Creatures
  A bullfrog skeleton (D:4)
  2 adders
  An adder skeleton (D:4)
  4 dart slugs
  6 endoplasms
  3 giant cockroaches
  6 hobgoblins
  3 jackals (D:1)
  2 quokkas (D:1)
  6 ball pythons
  12 bats
  2 frilled lizards (D:1)
  13 goblins
  6 kobolds
  4 rats
71 creatures vanquished.

Vanquished Creatures (others)
  22 plants
  6 withered plants (D:1)
28 creatures vanquished.

Grand Total: 99 creatures vanquished

Notes
Turn   | Place    | Note
-------+----------+-------------------------------------------
     0 | Abyss:1  | freelancePsychic the Demonspawn Abyssal Knight began the
                  | quest for the Orb.
     0 | Abyss:1  | Reached XP level 1. HP: 18/18 MP: 2/2
    18 | D:1      | Escaped the Abyss
   164 | D:1      | Found Qaomosext's Magic Scroll Emporium.
   200 | D:1      | Gained mutation: You may rarely emit foul miasma when
                  | damaged in melee. [demonic ancestry]
   200 | D:1      | Reached XP level 2. HP: 22/24 MP: 4/4
   541 | D:1      | Reached ** piety under Lugonu
   662 | D:1      | Gained mutation: A meltable shield of frost defends you.
                  | (SH +0) [demonic ancestry]
   662 | D:1      | Reached XP level 3. HP: 22/29 MP: 5/5
   689 | D:1      | Found a faded altar of an unknown god.
  1767 | D:3      | Gained mutation: Your movements are slightly less
                  | encumbered by armour. (ER -2) [demonic ancestry]
  1767 | D:3      | Reached XP level 4. HP: 33/37 MP: 6/6
  1882 | D:3      | Found Ciufaeh's Magic Scroll Shoppe.
  2611 | D:4      | Noticed Pestilence's ghost (novice DsFi)
  2611 | D:4      | Noticed an ogre
  2612 | D:4      | Found a transporter.
  2613 | D:4      | Found a transporter.
  2613 | D:4      | Identified the +3 dire flail of the Evil Eye {freeze, rC-
                  | MP-9 Str+8 SInv}
  2613 | D:4      | Noticed an ogre
  2614 | D:4      | Noticed an ogre
  2625 | D:4      | HP: 1/37 [gnoll/+0 spear (3)]
  2631 | D:4      | Killed from afar by an orc wizard

Illustrated notes

Levels and vault maps discovered:
D:1:      shiori_arrival_maze, layout_rooms, serial_shops, nicolae_shop_stone,
          shapermc_ecumenical_altar_flowoftime
D:2:      layout_basic, kennysheep_generic_room_7
D:3:      layout_basic, serial_shops, nicolae_shop_crystal
D:4:      layout_basic, general_overflow_altar, serial_bayou,
          serial_bayou_lake_a, serial_bayou_pond_c, serial_bayou_shore_a,
          serial_bayou_crossing, gammafunk_ghost_smash

Skill      XL: |  1  2  3  4 |
---------------+-------------+-----
Short Blades   | 2 3 |  3.0
Invocations    | 3 4 |  4.3
Fighting       | 4 |  4.0
Armour         | |  1.7
Dodging        | |  0.8

Action                   |  1- 3 |  4- 6 || total
-------------------------+-------+-------++-------
Melee: Short sword       |   155 |    75 ||   230
Invok: Bend Space        |       |     1 ||     1
  Use: Scroll            |       |     4 ||     4
Armor: Leather armour    |    14 |       ||    14
       Scale mail        |    48 |    29 ||    77
       Chain mail        |       |     9 ||     9
Dodge: Dodged            |    99 |    29 ||   128
Block: Other             |    13 |    15 ||    28

Table legend: (Time is in decaauts)
 A = Elapsed time spent in this place.
 B = Non-inter-level travel time spent in this place.
 C = Inter-level travel time spent in this place.
 D = Time resting spent in this place.
 E = Time spent auto-exploring this place.
 F = Levels seen in this place.
 G = Mean time per level.
                   A        B        C        D        E       F      G
               +--------+--------+--------+--------+--------+-----+--------+
         Total |   2625 |   2553 |     72 |    151 |   1878 |   5 |  525.0 |
       Dungeon |   2607 |   2535 |     72 |    151 |   1870 |   4 |  651.8 |
         Abyss |     18 |     18 |      0 |      0 |      8 |   1 |   18.0 |
               +--------+--------+--------+--------+--------+-----+--------+

Top non-repeatable levels by time:
     D:1: 950 daAuts
     D:2: 792 daAuts
     D:3: 649 daAuts
     D:4: 215 daAuts
 Abyss:1: 18 daAuts
